 Dungeon Crawl Stone Soup version 0.29-a0-275-g389c0b56f3 (webtiles) character file.

Game seed: 2635642884496696651

7 testman the Skirmisher (level 1, 0/19 HPs)
             Began as a Demonspawn Wanderer on Mar 11, 2022.
             Slain by a hobgoblin (3 damage)
             ... on level 1 of the Dungeon.
             The game lasted 00:02:00 (590 turns).

testman the Skirmisher (Demonspawn Wanderer)         Turns: 590, Time: 00:02:00

Health: 0/19       AC:  2    Str: 11    XL:     1   Next: 91%
Magic:  2/2        EV: 11    Int: 11    God:
Gold:   0          SH:  0    Dex: 15    Spells: 1/2 levels left

rFire   + . .      SeeInvis .   a - +0 dagger
rCold   . . .      Faith    .   (no shield)
rNeg    . . .      Spirit   .   d - +0 robe
rPois   .          Reflect  .   (no helmet)
rElec   .          Harm     .   (no cloak)
rCorr   .          Rampage  .   (no gloves)
Will    .....                   (no boots)
Stlth   +.........              (no amulet)
HPRegen 0.06/turn               i - ring of protection from fire
MPRegen 0.08/turn               (no ring)

@: no status effects
A: no striking features
a: no special abilities


You were on level 1 of the Dungeon.
You visited 1 branch of the dungeon, and saw 1 of its levels.

Inventory:

Hand Weapons
 a - a +0 dagger (weapon)
Missiles
 f - 3 poisoned darts
Armour
 d - a +0 robe (worn)
Jewellery
 i - a ring of protection from fire (left hand)
Wands
 e - a wand of acid (3)
Scrolls
 c - a scroll of silence
 g - 2 scrolls of identify {unknown}
 h - a scroll of fog {unknown}
 j - a scroll of enchant armour {unknown}
Potions
 b - a potion of lignification
 k - a potion of flight {unknown}


   Skills:
 + Level 4.2 Fighting
 - Level 1.0 Spellcasting
 + Level 1.5 Hexes
 - Level 1.2 Invocations
 - Level 3.0 Evocations


You had one spell level left.
You knew the following spells:

 Your Spells              Type           Power      Damage    Failure   Level
a - Slow                  Hex            12%        N/A       17%         1

Your spell library contained the following spells:

 Spells                   Type           Power      Damage    Failure   Level
 Tukima's Dance           Hex            3%         N/A       45%         3


Dungeon Overview and Level Annotations

Branches:
Dungeon (1/15)

Altars:


Message History

There is an open door here.
The helpless hobgoblin fails to defend itself.
You hit the hobgoblin.
The hobgoblin is severely wounded.
The hobgoblin barely misses you.
You barely miss the hobgoblin.
The hobgoblin is severely wounded.
The hobgoblin hits you.
You closely miss the hobgoblin.
The hobgoblin is severely wounded.
The hobgoblin barely misses you.
You hit the hobgoblin.
You kill the hobgoblin!
No target in view!
A hobgoblin comes into view.
You see here a coppery potion.
k - a coppery potion
Aiming: Slow (safe; 17% risk of failure)
Press: ? - help, Q - select action, (/) - cycle Shift-Dir - straight line, f - hobgoblin
Aim: a hobgoblin (chance to affect: 54%)
The hobgoblin seems to slow down.
You hit the hobgoblin but do no damage.
The hobgoblin is no longer moving slowly.
The hobgoblin hits you.
You closely miss the hobgoblin. The hobgoblin barely misses you.
You barely miss the hobgoblin. The hobgoblin completely misses you.
You closely miss the hobgoblin.
The hobgoblin hits you but does no damage.
You closely miss the hobgoblin. The hobgoblin hits you.
You closely miss the hobgoblin. The hobgoblin hits you.
You closely miss the hobgoblin. The hobgoblin completely misses you.
You hit the hobgoblin but do no damage. Your punch misses the hobgoblin.
The hobgoblin hits you.
You are too injured to fight recklessly!
You hit the hobgoblin but do no damage. The hobgoblin hits you.
* * * LOW HITPOINT WARNING * * *
You hit the hobgoblin.
The hobgoblin is severely wounded.
The hobgoblin hits you.
You die...

.......)...........>..
####..........#####'##
#####......# #.#
#.'......# ###'##
#.#......# #.....
#.###....# #..... #.
###...#.#### #.....
##..#...#.#....# ###+##
#....g@.#.#..#.# #...
#......#......#.#####..#
#.....######.#........)#
###... ...#######....
### ####### #..##
####8<8#####....
##.........###.#.
#8.........8##.#.
#...8...8...##.#.


You could see a hobgoblin.

Vanquished Creatures
  A dart slug (D:1)
  A hobgoblin (D:1)
  A kobold (D:1)
  A ball python (D:1)
  A bat (D:1)
  A frilled lizard (D:1)
6 creatures vanquished.

Notes
Turn   | Place    | Note
-------+----------+-------------------------------------------
     0 | D:1      | testman the Demonspawn Wanderer began the quest for the
                  | Orb.
     0 | D:1      | testman set off with the following items: a +0 dagger, a
                  | potion of lignification, a scroll of silence, a +0 robe, a
                  | wand of acid (3); and the following spell memorised: Slow;
                  | and the following spells available to memorise: Tukima's
                  | Dance
     0 | D:1      | Reached XP level 1. HP: 19/19 MP: 2/2
   590 | D:1      | Slain by a hobgoblin

Illustrated notes

Levels and vault maps discovered:
D:1:      mrwooster_arrival_statue_2, layout_basic, kennysheep_flooded_box

Action                   || total
-------------------------++-------
Melee: Dagger            ||    36
 Cast: Slow              ||     3
 Stab: Sleeping          ||     1
Armor: Robe              ||     3
Dodge: Dodged            ||    21

Table legend: (Time is in decaauts)
 A = Elapsed time spent in this place.
 B = Non-inter-level travel time spent in this place.
 C = Inter-level travel time spent in this place.
 D = Time resting spent in this place.
 E = Time spent auto-exploring this place.
 F = Levels seen in this place.
 G = Mean time per level.
                   A        B        C        D        E       F      G
               +--------+--------+--------+--------+--------+-----+--------+
         Total |    589 |    580 |      9 |    225 |    273 |   1 |  589.0 |
       Dungeon |    589 |    580 |      9 |    225 |    273 |   1 |  589.0 |
               +--------+--------+--------+--------+--------+-----+--------+

Top non-repeatable levels by time:
     D:1: 589 daAuts
